 Dungeon Crawl Stone Soup version 0.27.1-3-gb3d3a73c9e (webtiles) character file.

Game seed: 1911125914535603649

80336 Urokeeper the Unseen (level 15, 0/109 HPs)
             Began as an Octopode Brigand on Oct 13, 2021.
             Was a Follower of Uskayaw.
             Slain by a catoblepas (31 damage)
             ... on level 2 of the Lair of Beasts.
             The game lasted 02:14:39 (21460 turns).

Urokeeper the Unseen (Octopode Brigand)            Turns: 21460, Time: 02:14:40

Health: 0/109      AC:  5    Str: 13    XL:     15   Next: 66%
Magic:  15/15      EV: 41    Int: 13    God:    Uskayaw [*.....]
Gold:   3566       SH: 15    Dex: 26    Spells: 14/14 levels left

rFire    . . .     SeeInvis .   p - +8 arc blade {discharge, rElec}
rCold    . . .     Faith    .   f - +7 buckler of the Valley {Str+2}
rNeg     . . .     Spirit   .   (helmet restricted)
rPois    +         Reflect  .   a - amulet of regeneration
rElec    +         Harm     .   x - ring of poison resistance
rCorr    .         Rampage  .   D - +4 ring of evasion
Will     +....                  c - +4 ring of evasion
Stlth    ++++++++..             E - +4 ring of evasion
HPRegen  1.28/turn              M - +6 ring of dexterity
MPRegen  0.14/turn              q - +4 ring of evasion
                                N - +4 ring of protection
                                (no ring)

@: studying Evocations
A: almost no armour, amphibious, 8 rings, camouflage 1, gelatinous body 1,
(nimble swimmer 1), tentacles
a: Renounce Religion, Stomp


You were on level 2 of the Lair of Beasts.
You worshipped Uskayaw.
Uskayaw was noncommittal.
You visited 4 branches of the dungeon, and saw 18 of its levels.
You also visited: Bailey.

You collected 5498 gold pieces.
You spent 1932 gold pieces at shops.

Inventory:

Hand Weapons
 p - the +8 arc blade (weapon) {discharge, rElec}
   (You acquired it on level 6 of the Dungeon)

   It occasionally unleashes powerful arcs of lightning upon striking a foe.
   These may arc to other adjacent creatures (including the wielder, but dealing
   reduced damage to them) before grounding out.
   rElec:     It insulates you from electricity.
 I - a +2 shortbow of flaming
Missiles
 b - 53 poisoned darts
 o - 130 boomerangs
 A - 8 datura-tipped darts
 K - 10 curare-tipped darts
 O - 2 javelins
 T - 2 throwing nets
 U - 21 atropa-tipped darts
Armour
 f - the +7 buckler of the Valley (worn) {Str+2}
   (You acquired it on level 6 of the Dungeon)

   Str:       It affects your strength (+2).
Jewellery
 a - an amulet of regeneration (around mantle)
 c - a +4 ring of evasion (on tentacle)
 q - a +4 ring of evasion (on tentacle)
 x - a ring of poison resistance (left tentacle)
 D - a +4 ring of evasion (right tentacle)
 E - a +4 ring of evasion (on tentacle)
 M - a +6 ring of dexterity (on tentacle)
 N - a +4 ring of protection (on tentacle)
 Q - an amulet of guardian spirit
 V - an amulet of the acrobat
Wands
 w - a wand of digging (11)
 y - a wand of iceblast (9)
 H - a wand of flame (53)
 P - a wand of acid (7)
 W - a wand of mindburst (13)
Scrolls
 h - 6 scrolls of amnesia
 i - 3 scrolls of teleportation
 j - 2 scrolls of vulnerability
 k - a scroll of immolation
 z - a scroll of holy word
 G - a scroll of brand weapon
 X - a scroll of fear
 Z - a scroll of magic mapping
Potions
 d - a potion of haste
 e - 3 potions of brilliance
 g - 4 potions of invisibility
 l - 6 potions of curing
 m - 2 potions of ambrosia
 n - a potion of magic
 r - 3 potions of attraction
 s - 2 potions of degeneration
 u - 3 potions of flight
 v - a potion of mutation
 C - a potion of heal wounds
 F - 3 potions of might
 J - 5 potions of resistance
 L - 2 potions of lignification
 S - 2 potions of berserk rage {unknown}
Miscellaneous
 B - a phial of floods
 R - a lightning rod (2/4) (quivered)


   Skills:
 + Level 12.3 Fighting
 + Level 12.3 Short Blades
 - Level 2.0 Throwing
 + Level 12.2 Dodging
 + Level 17.0 Stealth
 + Level 11.4 Shields


You had 14 spell levels left.
You didn't know any spells.
Your spell library contained the following spells:

 Spells                   Type           Power      Damage    Failure   Level
 Beastly Appendage        Tmut           0%         N/A       30%         1
 Foxfire                  Conj/Fire      0%         2x1d4     30%         1
 Freeze                   Ice            0%         1d3       30%         1
 Pain                     Necr           0%         1d4       30%         1
 Wereblood                Tmut           0%         N/A       43%         2
 Call Canine Familiar     Summ           0%         N/A       67%         3
 Conjure Flame            Conj/Fire      0%         6-21      67%         3
 Frozen Ramparts          Ice            0%         1d2       67%         3
 Inner Flame              Hex/Fire       0%         N/A       67%         3
 Portal Projectile        Hex/Tloc       0%         N/A       67%         3
 Spider Form              Tmut/Pois      0%         N/A       67%         3
 Hailstorm                Conj/Ice       0%         3d3       97%         4
 Leda's Liquefaction      Hex/Erth       0%         N/A       97%         4
 Agony                    Necr           0%         N/A       100%        5
 Blade Hands              Tmut           0%         N/A       100%        5
 Excruciating Wounds      Necr           0%         N/A       100%        5
 Irradiate                Conj/Tmut      0%         3d13      100%        5
 Conjure Ball Lightning   Conj/Air       0%         3x3d6     100%        6
 Dragon Form              Tmut           0%         N/A       100%        7
 Discord                  Hex            0%         N/A       100%        8
 Disjunction              Tloc           0%         N/A       100%        8


Dungeon Overview and Level Annotations

Branches:
Dungeon (12/15)            Temple (0/1) D:7            Lair (2/6) D:9
 Spider (2/4) Lair:2          Orc (2/2) D:12            Elf (0/3) Orc:2
 Bailey (visited)
  Swamp: Lair:2-4    Shoals: Lair:2-4

Altars:
Hepliaklqana
Nemelex Xobeh
Qazlal
Sif Muna
Trog
Uskayaw
Vehumet
Beogh

Shops:
D:3 =   D:5 [   D:6 [   Orc:2 :?[*

Annotations:
D:5 1 exclusion, Menkaure
D:6 2 runed translucent doors
Spider:1 1 transporter, Asterion; Cumifues's ghost, journeyman MiMo
Spider:2 Arachne


Innate Abilities, Weirdness & Mutations

You cannot wear most types of armour.
You are amphibious.
You can wear up to eight rings at the same time.
Your skin changes colour to match your surroundings (Stealth+).
Your rubbery body absorbs attacks. (AC +1, EV +1)
((You are camouflaged near water. (Stealth+)))
You have tentacles for arms and can constrict up to eight enemies at once.


Message History

You completely miss the catoblepas.
The catoblepas is moderately wounded.
You are engulfed in calcifying dust.
The yak completely misses you. The catoblepas barely misses you.
You puncture the catoblepas!
The catoblepas is moderately wounded.
You are engulfed in calcifying dust.
Your limbs have turned to stone.
The yak gores you! The catoblepas closely misses you.
You have turned to stone.
You can now pass through a line of other dancers.
You are engulfed in calcifying dust.
The yak gores you but does no damage. The catoblepas gores you!
You are engulfed in calcifying dust.
The yak is no longer petrified.
The yak gores you! The catoblepas gores you!! The yak gores you!
The catoblepas gores you! The yak gores you! The catoblepas gores you!!
The yak gores you. The catoblepas gores you!
You can no longer pass through a line of other dancers.
The yak gores you! The catoblepas gores you!!
* * * LOW HITPOINT WARNING * * *
The yak gores you!
* * * LOW HITPOINT WARNING * * *
The catoblepas gores you but does no damage.
The yak gores you.
* * * LOW HITPOINT WARNING * * *
The catoblepas gores you!!
* * * LOW HITPOINT WARNING * * *
The yak barely misses you.
The catoblepas breathes a plume of calcifying dust at you.
The blast of calcifying dust hits you.
* * * LOW HITPOINT WARNING * * *
You are engulfed in calcifying dust.
The yak gores you!
* * * LOW HITPOINT WARNING * * *
The catoblepas smashes its foot into the ground.
The catoblepas gores you!!
* * * LOW HITPOINT WARNING * * *
You turn to flesh and can move again.
Okay, then.
You feel much better.
You are engulfed in calcifying dust.
The yak completely misses you. The catoblepas gores you!!
You die...

##.#...#.###....##..
##.###†###.##.......###
#.#.#^#.#[###.....P...#
##^###.###^##.....#..#
#.#.#####.###.....#..##
##.###.###.##.........# #
#.#.#...#.#^#Yw...#...#
#######^.>..#.##YY..P..#
...## ##...#####@#....##
##..####≈≈≈########..##
##P#.......#.P####..## P#
#####..........#...##..#
##..................#
###....................#
##......................#
#...............#####...#
##..............## ....


You could see a catoblepas, 2 yaks and a swamp worm.

Vanquished Creatures
  An orc warlord (Orc:2)
  An entropy weaver (Spider:2)
  A spark wasp (Spider:1)
  An ettin (Orc:2)
  Josephine (Orc:1)
  2 boulder beetles
  5 hydras
  A centaur warrior (D:8)
  A death knight (D:12)
  5 two-headed ogres
  Nergalle (D:10)
  10 orc high priests (Orc:2)
  5 skeletal warriors (D:11)
  An oklob plant (Lair:1)
  The ghost of vvl the Poker, a novice DsFi of Fedhas (D:7)
  2 orc sorcerers
  5 orb spiders
  A manticore (D:12)
  7 wolf spiders (Spider:2)
  A moth of wrath (Spider:2)
  3 elephants (Lair:2)
  A rime drake (Lair:2)
  3 cane toads
  A gargoyle (D:10)
  An unseen horror (D:11)
  5 demonic crawlers
  3 komodo dragons
  12 jumping spiders
  3 meliai (Spider:2)
  6 trolls
  A tyrant leech (Lair:2)
  11 slime creatures
  3 hornets (Spider:2)
  3 blink frogs (Lair:1)
  A shadow (D:9)
  10 wraiths
  A vampire (D:8)
  24 redbacks
  9 tarantellas
  2 wyverns (D:9)
  18 yaks
  9 vampire mosquitoes
  3 basilisks
  Grum (D:10)
  A swamp worm (Lair:2)
  8 wargs
  2 acid dragons
  4 water moccasins
  23 orc warriors
  4 black bears
  3 sky beasts
  A hornet zombie (D:4)
  9 ogres
  2 ice beasts
  5 boggarts (D:11)
  3 wolves (D:10)
  2 phantoms (D:4)
  5 centaurs
  2 kobold brigands
  A gnoll sergeant (D:7)
  3 bullfrogs
  4 scorpions
  A wyvern zombie (D:7)
  A wyvern skeleton (D:7)
  3 jellies
  A water moccasin skeleton (D:5)
  5 wights (D:7)
  14 killer bees
  4 electric eels
  2 howler monkeys
  4 quasits (D:7)
  A bullfrog skeleton (D:7)
  4 centaur zombies
  2 hounds (D:5)
  32 orc priests
  19 orc wizards
  2 iguanas
  A scorpion zombie (D:5)
  A killer bee zombie (D:8)
  A hound skeleton (D:4)
  17 gnolls
  8 adders
  2 white imps
  3 ufetubi
  A worm (D:3)
  An adder skeleton (D:4)
  6 dart slugs
  109 orcs
  5 bats
  2 endoplasms
  4 giant cockroaches
  8 goblins
  16 hobgoblins
  7 jackals
  23 kobolds
  6 quokkas
  7 ball pythons
  4 frilled lizards
  2 rats (D:3)
598 creatures vanquished.

Vanquished Creatures (others)
  A wight (D:8)
  An orc wizard (D:7)
  3 fungi (Lair:2)
  9 plants
14 creatures vanquished.

Grand Total: 612 creatures vanquished

Notes
Turn   | Place    | Note
-------+----------+-------------------------------------------
     0 | D:1      | Urokeeper the Octopode Brigand began the quest for the Orb.
     0 | D:1      | Reached XP level 1. HP: 14/14 MP: 1/1
   264 | D:1      | Reached XP level 2. HP: 14/19 MP: 2/2
   743 | D:1      | Reached XP level 3. HP: 24/25 MP: 3/3
  2158 | D:3      | Reached XP level 4. HP: 30/30 MP: 4/4
  2203 | D:3      | Reached skill level 6 in Stealth
  2217 | D:3      | Found a radiant altar of Vehumet.
  2601 | D:3      | Found Isumadwe's Jewellery Boutique.
  3237 | D:4      | Reached XP level 5. HP: 30/36 MP: 5/5
  3292 | D:4      | Noticed an ogre
  3733 | D:4      | Noticed a phantom
  3849 | D:4      | Noticed a phantom
  3852 | D:4      | Killed a phantom
  3853 | D:4      | Reached XP level 6. HP: 34/42 MP: 6/6
  4082 | D:4      | Reached skill level 7 in Stealth
  4215 | D:4      | Reached XP level 7. HP: 12/48 MP: 7/7
  4821 | D:4      | Found a hide-covered altar of Uskayaw.
  4824 | D:4      | Became a worshipper of Uskayaw the Reveller
  4896 | D:5      | Entered Level 5 of the Dungeon
  4913 | D:5      | Reached * piety under Uskayaw
  5138 | D:5      | Reached ** piety under Uskayaw
  5199 | D:5      | Found a bloodstained altar of Trog.
  5268 | D:4      | Reached skill level 8 in Stealth
  5588 | D:5      | Noticed Menkaure
  5661 | D:5      | Reached XP level 8. HP: 54/54 MP: 8/8
  5721 | D:5      | Reached skill level 5 in Fighting
  5806 | D:5      | Reached skill level 5 in Short Blades
  5812 | D:5      | Reached *** piety under Uskayaw
  5817 | D:5      | Reached **** piety under Uskayaw
  5895 | D:5      | Found Ahye's Armour Shop.
  6000 | D:5      | HP: 1/55 [acid (4)]
  6005 | D:5      | Reached skill level 5 in Dodging
  6337 | D:5      | Found a shimmering blue altar of Sif Muna.
  6480 | D:5      | Reached skill level 9 in Stealth
  7295 | D:6      | Found Agot's Antique Armour Boutique.
  7755 | D:6      | Found a large runed translucent door.
  7755 | D:6      | Found a large runed translucent door.
  8086 | D:6      | Identified 3 scrolls of acquirement
  8086 | D:6      | Acquired the +8 arc blade {discharge, rElec}
  8086 | D:6      | Found the +8 arc blade {discharge, rElec}
  8089 | D:6      | Acquired 827 gold pieces
  8091 | D:6      | Acquired the +7 buckler of the Valley {Str+2}
  8159 | D:6      | Noticed a two-headed ogre
  8164 | D:6      | Killed a two-headed ogre
  8165 | D:6      | Reached XP level 9. HP: 28/62 MP: 9/9
  8166 | D:6      | Noticed a troll
  8461 | D:3      | Bought a +4 ring of evasion for 504 gold pieces
  8461 | D:3      | Bought a +4 ring of evasion for 504 gold pieces
  8598 | D:7      | Reached skill level 10 in Stealth
  8612 | D:7      | Reached ***** piety under Uskayaw
  8710 | D:7      | Found a transporter.
  8748 | D:7      | Found a transporter.
  8762 | D:7      | Noticed vvl's ghost (novice DsFi)
  8799 | D:7      | Found a staircase to the Ecumenical Temple.
  8969 | D:7      | Noticed a boulder beetle
  9319 | D:8      | Reached XP level 10. HP: 69/69 MP: 10/10
  9477 | D:8      | Found a sparkling altar of Nemelex Xobeh.
  9763 | D:8      | Reached skill level 11 in Stealth
 10122 | D:8      | Found a hazy altar of Hepliaklqana.
 10700 | D:9      | Found a staircase to the Lair.
 10950 | D:9      | Noticed a two-headed ogre
 10956 | D:9      | Killed a two-headed ogre
 10957 | D:9      | Reached skill level 5 in Shields
 11271 | D:7      | Killed vvl's ghost
 11272 | D:7      | Reached skill level 12 in Stealth
 11272 | D:7      | Reached XP level 11. HP: 77/77 MP: 11/11
 11330 | D:7      | Killed a boulder beetle
 11742 | D:8      | Noticed a two-headed ogre
 11751 | D:8      | Killed a two-headed ogre
 11851 | D:8      | Noticed a centaur warrior
 11886 | D:10     | Entered Level 10 of the Dungeon
 11916 | D:10     | Noticed Grum
 11924 | D:10     | Killed Grum
 12178 | D:10     | Found a stormy altar of Qazlal.
 12211 | D:10     | Noticed Nergalle
 12234 | D:10     | Killed Nergalle
 12303 | D:10     | Acquired 643 gold pieces
 12314 | D:10     | Noticed a two-headed ogre
 12386 | D:10     | Killed a two-headed ogre
 13156 | D:3      | Bought an amulet of regeneration for 420 gold pieces
 13307 | D:8      | Killed a centaur warrior
 13308 | D:8      | Reached skill level 13 in Stealth
 13599 | Lair:1   | Entered Level 1 of the Lair of Beasts
 13599 | Lair:1   | Noticed an oklob plant
 13732 | Lair:1   | Reached XP level 12. HP: 85/85 MP: 12/12
 13818 | Lair:1   | Noticed an eight-headed hydra
 13825 | Lair:1   | Killed an eight-headed hydra
 13863 | Lair:1   | Noticed an eight-headed hydra
 14044 | Lair:2   | Found a gate leading to a gauntlet.
 14137 | Lair:2   | Noticed a five-headed hydra
 14138 | Lair:2   | Noticed a four-headed hydra
 14518 | D:3      | Bought a +4 ring of evasion for 504 gold pieces
 14699 | D:11     | Reached ****** piety under Uskayaw
 14800 | D:11     | Reached skill level 14 in Stealth
 14804 | D:11     | Reached skill level 10 in Fighting
 14810 | D:11     | Reached skill level 10 in Short Blades
 14902 | D:11     | Found a flagged portal.
 14939 | Bailey   | Entered a bailey
 15062 | Bailey   | Reached skill level 10 in Dodging
 15108 | Bailey   | Reached XP level 13. HP: 93/93 MP: 13/13
 15227 | D:11     | Reached XP level 14. HP: 99/99 MP: 14/14
 15356 | D:11     | Reached skill level 15 in Stealth
 16191 | D:12     | Acquired 1211 gold pieces
 16263 | D:12     | Found a staircase to the Orcish Mines.
 16837 | Orc:1    | Entered Level 1 of the Orcish Mines
 16887 | Orc:1    | Noticed Josephine
 16899 | Orc:1    | Killed Josephine
 16910 | Orc:1    | Reached skill level 10 in Shields
 17492 | Orc:2    | Entered Level 2 of the Orcish Mines
 17565 | Orc:2    | Found a staircase to the Elven Halls.
 18302 | Orc:2    | Found Toefioh's Antique Armour Boutique.
 18302 | Orc:2    | Found Baduegg's Assorted Antiques.
 18379 | Orc:2    | Noticed an orc warlord
 18439 | Orc:2    | Killed an orc warlord
 18440 | Orc:2    | Reached skill level 16 in Stealth
 18452 | Orc:2    | Found Foecy's Book Boutique.
 18511 | Orc:2    | Found Murreiz's Magic Scroll Emporium.
 19316 | Lair:1   | Reached XP level 15. HP: 91/108 MP: 15/15
 20243 | Lair:2   | Acquired 1025 gold pieces
 20308 | Lair:2   | Found a hole to the Spider Nest.
 20340 | Spider:1 | Entered Level 1 of the Spider Nest
 20410 | Spider:1 | Found a transporter.
 20425 | Spider:1 | You fall into a shaft and drop 1 floor!
 20911 | Spider:1 | You fall into a shaft and drop 1 floor!
 21061 | Spider:2 | Noticed Arachne
 21176 | Spider:1 | Reached skill level 17 in Stealth
 21262 | Spider:1 | Noticed Cumifues's ghost (journeyman MiMo)
 21268 | Spider:1 | Noticed Asterion
 21350 | Lair:2   | Identified the +4 leather armour of the Special Queens
                  | {rF+}
 21459 | Lair:2   | HP: 1/109 [catoblepas (13)]
 21460 | Lair:2   | Slain by a catoblepas

Illustrated notes

Levels and vault maps discovered:
D:1:      mrwooster_arrival_statue_2, layout_loops_corners
D:2:      layout_basic, wad_floor_pattern_2, kennysheep_cluttered_room,
          nrook_mini_vaults, serial_bayou_crossing
D:3:      minmay_wonky_spiral, layout_loops_cross, mainiacjoe_overflow_alcove_4,
          serial_shops, shop
D:4:      layout_basic, kennysheep_mini_moat, serial_bayou_lagoon_a
D:5:      layout_loops_corners, nicolae_sif_muna_little_library,
          trog_ov_bears_minmay, serial_co_window_serial, co_window_corner_a,
          co_window_cross_1, co_window_corner_a, co_window_corner_a,
          co_window_corner_a, co_window_of_opportunity_c,
          co_window_of_opportunity_c, co_window_of_opportunity_c,
          co_window_corner_b, co_window_paths_c, co_window_broadway_b,
          co_window_4corner_b, glass_columns_a, serial_shops,
          nicolae_shop_behind_doors, minmay_misc_feat_iff, uniq_menkaure
D:6:      layout_loops_ring, jmf_multi_god_temple2, serial_shops,
          nicolae_shop_crystal, minmay_manual_monstrance
D:7:      layout_basic, minmay_temple_entry_stoned_glass,
          gammafunk_ghost_stat_death, serial_bayou_pond_d
D:8:      minmay_chambers_of_sixes, layout_basic,
          mainiacjoe_overflow_surrounded_room,
          nemelex_xobeh_ov_fountains_minmay, serial_bayou, serial_bayou_pond_e,
          serial_bayou_pond_e, serial_bayou_pond_e, serial_bayou_pond_b
D:9:      layout_roguey, erik_lair_dragon, nicolae_lava_and_water,
          hangedman_abyss_or_decor_jellyfish_corner
D:10:     layout_long_grid, grunt_qazlal_sundering, uniq_grum, uniq_nergalle
D:11:     layout_roguey [special_room_orc], enter_bailey_5, corner_web_ring,
          grunt_potential
D:12:     layout_basic, orc_0_dummy
Lair:1:   layout_cave_pods, dpeg_stationary_puzzle
Lair:2:   layout_cave_pods, palyth_hydra_swamp_entry,
          nicolae_spider_entry_tight_spaces, gauntlet_entry_generic,
          serial_bayou_pond_b
Spider:1: layout_spider_delve, gammafunk_ghost_abyssal_escape, uniq_asterion
Spider:2: layout_chambers, drop_trap, nicolae_spider_nook, uniq_arachne
Orc:1:    layout_caves, rock_pile, uniq_josephine
Orc:2:    st_orc_town, layout_diamond_mine, basic_altar

Skill      XL: |  1  2  3  4  5  6  7  8  9 10 11 12 13 14 15 |
---------------+----------------------------------------------+-----
Dodging        | 2 3 4 5 6 7 9 10 11 12 | 12.2
Stealth        | 6 7 8 9 10 12 13 14 16 17 | 17.0
Fighting       | 3 4 6 8 9 10 11 12 | 12.3
Short Blades   | 3 4 6 8 9 10 11 12 | 12.3
Shields        | 2 3 5 6 9 10 11 | 11.4
Throwing       | |  2.0

Action                   |  1- 3 |  4- 6 |  7- 9 | 10-12 | 13-15 || total
-------------------------+-------+-------+-------+-------+-------++-------
Melee: Dagger            |    57 |    66 |    47 |       |       ||   170
       Constrict         |    13 |    12 |    25 |    58 |    97 ||   205
       Tentacles         |     8 |    10 |    37 |    75 |   160 ||   290
       Short sword       |       |       |    36 |       |       ||    36
       Rapier            |       |       |    87 |   332 |   597 ||  1016
Throw: Dart              |     5 |    10 |    10 |    11 |     3 ||    39
       Boomerang         |       |       |     6 |       |       ||     6
       Throwing net      |       |       |       |       |     1 ||     1
Evoke: Wand              |       |       |     4 |     2 |       ||     6
       Lightning rod     |       |       |       |       |     5 ||     5
  Use: Scroll            |     1 |     2 |    15 |     8 |     8 ||    34
       Potion            |       |       |     3 |     7 |     7 ||    17
 Stab: Sleeping          |    13 |    25 |    14 |    32 |    19 ||   103
       Paralysed         |       |       |     3 |    23 |    37 ||    63
       Distracted        |       |       |     1 |       |     2 ||     3
       Held in net/web   |       |       |       |       |     1 ||     1
Armor: Skin              |     3 |     1 |     5 |       |    20 ||    29
Dodge: Dodged            |    23 |    20 |    95 |   203 |   422 ||   763
Block: Buckler           |       |       |    41 |   171 |   392 ||   604
